 Dungeon Crawl Stone Soup version 0.26-a0-651-gb41185065b (webtiles) character file.

Game seed: 10192112915540234599

9 Lanoc the Sneak (level 2, 0/22 HPs)
             Began as a Demonspawn Brigand on Oct 11, 2020.
             Slain by an adder (4 damage)
             ... on level 2 of the Dungeon.
             The game lasted 00:00:45 (336 turns).

Lanoc the Sneak (Demonspawn Brigand)                 Turns: 336, Time: 00:00:46

Health: 0/22       AC:  3    Str: 11    XL:     2   Next: 3%
Magic:  0/2        EV: 12    Int: 12    God:
Gold:   0          SH:  0    Dex: 14    Spells: 1/1 levels left

rFire    . . .     SeeInvis .   a - +2 dagger
rCold    . . .     Faith    .   (no shield)
rNeg     . . .     Spirit   +   b - +0 robe
rPois    .         Reflect  .   (no helmet)
rElec    .         Harm     .   c - +0 cloak
rCorr    .         Rampage  .   (no gloves)
MR       .....                  (no boots)
Stlth    ++........             (no amulet)
HPRegen  0.07/turn              (no ring)
MPRegen  0.08/turn              (no ring)

@: brilliant, lethally poisoned (0 -> -4)
A: magic shield
a: no special abilities


You were on level 2 of the Dungeon.
You visited 1 branch of the dungeon, and saw 2 of its levels.

Inventory:

Hand Weapons
 a - a +2 dagger (weapon)
Missiles
 d - 6 poisoned darts (quivered)
 e - 2 curare-tipped darts
Armour
 b - a +0 robe (worn)
 c - a +0 cloak (worn)
Scrolls
 g - a scroll of remove curse {unknown}


   Skills:
 + Level 2.2 Fighting
 - Level 1.7 Short Blades
 - Level 1.7 Throwing
 + Level 1.2 Dodging
 + Level 3.8 Stealth


You had one spell level left.
You didn't know any spells.
Your spell library was empty.

Dungeon Overview and Level Annotations

Branches:
Dungeon (2/15)

Altars:


Innate Abilities, Weirdness & Mutations

When hurt, damage is shared between your health and your magic reserves.


Message History

Press: ? - help, Shift-Dir - straight line, f - adder
Aim: an adder (severely wounded)
You throw a poisoned dart. The poisoned dart hits the adder.
The adder is poisoned.
The adder is severely wounded.
You feel sick. The adder bites you.
You are lethally poisoned!
The adder poisons you!
Throwing (i - inventory. (/) - cycle)
d - 7 poisoned darts (quivered)
Press: ? - help, Shift-Dir - straight line, f/p - adder
Aim: an adder (severely wounded, poisoned)
You throw a poisoned dart. The poisoned dart hits the adder.
The adder looks even sicker.
The adder is severely wounded.
The adder closely misses you.
* * * LOW HITPOINT WARNING * * *
You feel sick. The adder closely misses you.
* * * LOW HITPOINT WARNING * * *
You feel sick. The adder bites you.
You die...

.. #...#.#.# ..##
#.###.#.# ..... #.#
#.#.# .....####
#.###.#.# ...?....#
#†#...#.# ........#
#.#.###.# ........#
#.......#
........######.#####
........'(l.rS@....#
........######.#.###
........# #.#.#
........# #.#.#
........######.#.#
........#......#.#
##..###.#.######.#
... #l#.# #.# #.#
#.#


You could see an adder (poisoned), a quokka and a frilled lizard.

Vanquished Creatures
  An ooze (D:1)
  2 goblins
  A bat (D:1)
  A kobold (D:1)
5 creatures vanquished.

Notes
Turn   | Place    | Note
-------+----------+-------------------------------------------
     0 | D:1      | Lanoc the Demonspawn Brigand began the quest for the Orb.
     0 | D:1      | Reached XP level 1. HP: 16/16 MP: 1/1
    53 | D:1      | Reached skill level 1 in Dodging
   246 | D:2      | Gained mutation: When hurt, damage is shared between your
                  | health and your magic reserves. [demonic ancestry]
   246 | D:2      | Reached XP level 2. HP: 22/22 MP: 2/2
   336 | D:2      | Slain by an adder

Illustrated notes

Levels and vault maps discovered:
D:1:      matt_arrival_spirals, layout_basic, chequers_serial_rivers_marsh
D:2:      cheibrodos_old_hovel, layout_basic, lemuel_round_altar,
          old_standard_altar, bloody_trog, trog_three_pillars_becter,
          uniq_natasha

Skill      XL: |  1 |
---------------+----+-----
Dodging        | 1 |  1.2
Fighting       | |  2.2
Short Blades   | |  1.7
Throwing       | |  1.7
Stealth        | |  3.8

Action                   || total
-------------------------++-------
Melee: Dagger            ||    37
Throw: Dart              ||     2
  Use: Potion            ||     1
 Stab: Sleeping          ||     3
Armor: Robe              ||    10
Dodge: Dodged            ||    33

Table legend: (Time is in decaauts)
 A = Elapsed time spent in this place.
 B = Non-inter-level travel time spent in this place.
 C = Inter-level travel time spent in this place.
 D = Time resting spent in this place.
 E = Time spent auto-exploring this place.
 F = Levels seen in this place.
 G = Mean time per level.
                   A        B        C        D        E       F      G
               +--------+--------+--------+--------+--------+-----+--------+
         Total |    332 |    318 |     14 |    143 |     97 |   2 |  166.0 |
       Dungeon |    332 |    318 |     14 |    143 |     97 |   2 |  166.0 |
               +--------+--------+--------+--------+--------+-----+--------+

Top non-repeatable levels by time:
     D:1: 230 daAuts
     D:2: 102 daAuts
